 Dungeon Crawl Stone Soup version 0.31.0-11-ge490571c62 (webtiles) character file.

Game seed: 4282238542696616286

8 browni3141 the Firebug (level 2, 19/19 HPs)
             Began as a Demonspawn Fire Elementalist on Jan 30, 2024.
             Got out of the dungeon alive.
             The game lasted 00:00:18 (459 turns).

browni3141 the Firebug (DsFE)                        Turns: 459, Time: 00:00:19

Health: 19/19      AC:  4    Str:  8    XL:     2   Next: 0%
Magic:  5/5        EV: 12    Int: 15    God:
Gold:   35         SH:  0    Dex: 13    Spells: 4/5 levels left

rFire   . . .        (no weapon)
rCold   . . .        (no shield)
rNeg    . . .        a - +0 robe
rPois   .            (no helmet)
rElec   .            (no cloak)
rCorr   .            (no gloves)
SInv    .            (no boots)
Will    .....        (no amulet)
Stlth   ++           (no ring)
HPRegen 0.23/turn    (no ring)
MPRegen 0.09/turn

%: no passive effects
@: no status effects
A: yellow scales 1
a: no special abilities


You escaped.
You visited 1 branch of the dungeon, and saw 1 of its levels.

You collected 35 gold pieces.

Inventory:

Armour
 a - a +0 robe (worn)
Jewellery
 e - a ring of wizardry
Scrolls
 c - a scroll of summoning {unknown}
Potions
 b - a potion of magic
 d - a potion of heal wounds {unknown}


   Skills:
 + Level 1.9 Dodging
 + Level 2.0 Stealth
 + Level 2.1 Spellcasting
 + Level 1.2 Conjurations
 + Level 2.8 Fire Magic


You had 4 spell levels left.
You knew the following spells:

 Your Spells              Type           Power      Damage    Failure   Level
a - Foxfire               Conj/Fire      28%        2x1d5     10%         1

Your spell library contained the following spells:

 Spells                   Type           Power      Damage    Failure   Level
 Scorch                   Fire           20%        2d5       11%         2
 Inner Flame              Hex/Fire       5%         N/A       36%         3
 Volatile Blastmotes      Fire/Tloc      10%        2d10      36%         3
 Flame Wave               Conj/Fire      7%         2d5       67%         4


Dungeon Overview and Level Annotations

Branches:
Dungeon (1/15)

Altars:

Shops:
D:1 **


Innate Abilities, Weirdness & Mutations

You are partially covered in yellow scales. (AC +2)


Message History

Welcome, browni3141 the Demonspawn Fire Elementalist.
The heart of this dungeon contains the terrific artefact, the Orb of Zot.
Press ? for a list of commands and other information.
Found a curved jewelled staff.
Found a staircase leading out of the dungeon.
Setting a skill training target for Axes at 18.0.
Setting a skill training target for Invocations at 14.0.
Setting a skill training target for Throwing at 11.0.
You see here a staff of earth.
You now have 9 gold pieces.
You open the door.
There is an open door here.
Found a stone staircase leading down.
You now have 25 gold pieces (gained 16).
Found a stone staircase leading down.
c - a scroll labelled DONALUIJIPH
d - an orange potion
Found Xaares's Assorted Antiques.
There is a stone staircase leading down here.
Found an escape hatch in the floor.
There is an entrance to Xaares's Assorted Antiques here.
A goblin comes into view. It is wielding a +0 dagger.
A goblin is nearby!
A goblin is nearby!
A goblin is nearby!
You conjure some foxfire!
The goblin shouts!
The foxfire hits the goblin.
You kill the goblin!
Magic restored.
You see here a +0 dagger.
You see here a +0 leather armour.
Found Naxzeaq's General Store.
There is an entrance to Naxzeaq's General Store here.
A bat and a ball python come into view.
There are monsters nearby!
There are monsters nearby!
There are monsters nearby!
You conjure some foxfire!
The foxfire hits the bat.
You kill the bat!
Your foxfire dissipates!
You conjure some foxfire!
The foxfire hits the ball python.
The ball python is severely wounded.
The foxfire hits the ball python.
You kill the ball python!
You see here a ball python corpse.
You now have 35 gold pieces (gained 10).
You see here a +0 mace.
You see here a +0 mace.
A rat comes into view.
A rat is nearby!
A rat is nearby!
A rat is nearby!
You conjure some foxfire!
The rat squeaks loudly.
The foxfire hits the rat.
The rat is severely wounded.
The foxfire hits the rat.
You kill the rat!
e - a ring of wizardry A frilled lizard comes into view.
A frilled lizard is nearby!
A frilled lizard is nearby!
You conjure some foxfire!
The frilled lizard hisses angrily.
Your foxfire dissipates!
A frilled lizard comes into view.
An endoplasm comes into view.
You conjure some foxfire!
The frilled lizard bites you.
The foxfire hits the frilled lizard.
You kill the frilled lizard!
The foxfire hits the frilled lizard.
You kill the frilled lizard!
You conjure some foxfire!
The foxfire hits the endoplasm.
The endoplasm is almost dead.
The foxfire hits the endoplasm.
You kill the endoplasm!
Found a stone staircase leading down.
A goblin comes into view. It is wielding a +0 club.
The goblin shouts!
A goblin is nearby!
A goblin is nearby!
You conjure some foxfire!
The foxfire hits the goblin.
The goblin is severely wounded.
The foxfire hits the goblin.
You kill the goblin!
Your Stealth skill increases to level 2!
You have reached level 2!
Your demonic ancestry asserts itself...
Yellow scales grow over part of your body.
You see here a frilled lizard corpse.
There is an open door here.
There is a staircase leading out of the dungeon here.
You have escaped!

###........##.##...............#
.>..........#.#................#
...........##.###..............#
###........##.# #..............#
# #........##+####............##
####.########.#8.##..........##
.###.##....|.....###.#########
....###8..8..8...#......#
###...'.........@#......#
#####8..8..8...#......#
###..##..........#......#
#...#########.#8.#......# ..###
############# )## .# ## .#


There were no monsters in sight!

Vanquished Creatures
  A ball python (D:1)
  A bat (D:1)
  An endoplasm (D:1)
  2 frilled lizards (D:1)
  2 goblins (D:1)
  A rat (D:1)
8 creatures vanquished.

Vanquished Creatures (others)
  11 foxfires (D:1)
11 creatures vanquished.

Grand Total: 19 creatures vanquished

Notes
Turn   | Place    | Note
-------+----------+-------------------------------------------
     0 | D:1      | browni3141 the Demonspawn Fire Elementalist began the quest
                  | for the Orb.
     0 | D:1      | Reached XP level 1. HP: 13/13 MP: 3/3
    94 | D:1      | Found Xaares's Assorted Antiques.
   173 | D:1      | Found Naxzeaq's General Store.
   408 | D:1      | Gained mutation: You are partially covered in yellow
                  | scales. (AC +2) [demonic ancestry]
   408 | D:1      | Reached XP level 2. HP: 19/19 MP: 3/5
   459 | D:$      | Got out of the dungeon alive.

Illustrated notes

Levels and vault maps discovered:
D:1:      elethiomel_arrival_quiet, layout_rooms, serial_shops, shop, shop

Skill      XL: |  1 |
---------------+----+-----
Stealth        | 2 |  2.0
Dodging        | |  1.9
Spellcasting   | |  2.1
Conjurations   | |  1.2
Fire Magic     | |  2.8

Action                     || total
---------------------------++-------
   Cast: Foxfire           ||     8
 Armour: Robe              ||     1
